 Dungeon Crawl Stone Soup version 0.28-a0-194-g42b4daccc1 (webtiles) character file.

Game seed: 15496230352688198611

58 bande the Shield-Bearer (level 4, 0/28 HPs)
             Began as a Gargoyle Fighter on Aug 18, 2021.
             Slain by Natasha (1 damage)
             ... on level 2 of the Dungeon.
             The game lasted 00:01:58 (1485 turns).

bande the Shield-Bearer (Gargoyle Fighter)          Turns: 1485, Time: 00:01:58

Health: 0/28       AC: 11    Str: 19    XL:     4   Next: 1%
Magic:  4/4        EV:  7    Int:  9    God:
Gold:   79         SH:  8    Dex: 10    Spells: 3/3 levels left

rFire   . . .      SeeInvis .   a - +0 war axe
rCold   . . .      Faith    .   c - +0 kite shield
rNeg    + . .      Spirit   .   b - +0 scale mail
rPois   ∞          Reflect  .   (no helmet)
rElec   +          Harm     .   (no cloak)
rCorr   .          Rampage  .   (no gloves)
Will    .....                   l - +0 pair of boots
Stlth   ..........              (no amulet)
HPRegen 0.09/turn               (no ring)
MPRegen 0.09/turn               (no ring)

@: slowed, very slow
A: sickness immunity, AC +3, negative energy resistance 1, electricity
resistance, torment resistance 1, petrification resistance
a: no special abilities


You were on level 2 of the Dungeon.
You visited 1 branch of the dungeon, and saw 2 of its levels.

You collected 79 gold pieces.

Inventory:

Hand Weapons
 a - a +0 war axe (weapon)
Armour
 b - a +0 scale mail (worn)
 c - a +0 kite shield (worn)
 l - a +0 pair of boots (worn)
Scrolls
 e - 2 scrolls of teleportation
 f - a scroll of amnesia {unknown}
 g - a scroll of magic mapping {unknown}
 h - a scroll of enchant weapon {unknown}
 i - a scroll of blinking {unknown}
 k - a scroll of enchant armour {unknown}
Potions
 d - a potion of might
 j - a potion of resistance {unknown}


   Skills:
 + Level 3.6 Fighting
 + Level 2.7 Axes
 + Level 3.5 Armour
 + Level 0.4 Dodging
 + Level 3.8 Shields


You had 3 spell levels left.
You didn't know any spells.
Your spell library was empty.

Dungeon Overview and Level Annotations

Branches:
Dungeon (2/15)

Altars:

Annotations:
D:2 Natasha


Innate Abilities, Weirdness & Mutations

You are immune to sickness and miasma.
Your stone body is resilient. (AC +3)
You are immune to poison.
You resist negative energy. (rN+)
You are resistant to electric shocks. (rElec)
You are resistant to unholy torment.
You are immune to petrification.


Message History

Robin barely misses you. Robin hits you with a +0 club.
You slash Robin!
You kill Robin!
The goblin no longer looks unusually strong.
The endoplasm freezes you.
You are frozen.
You hit the endoplasm.
The endoplasm is lightly wounded.
The endoplasm freezes you.
You are frozen.
You hit the endoplasm.
You kill the endoplasm!
The iron imp disappears in a puff of smoke!
The hobgoblin no longer looks unusually strong.
Natasha stares at you and mumbles some strange words.
You feel yourself slow down.
You have reached level 4!
You feel clever.
You closely miss the white imp.
The white imp is lightly wounded.
The white imp hits you but does no damage.
Natasha mewls in sadness.
The white imp gestures at you. The puff of frost hits you.
* * * LOW HITPOINT WARNING * * *
You hit the white imp but do no damage.
The white imp is lightly wounded.
The white imp disappears in a puff of smoke!
The hobgoblin hits you but does no damage.
Natasha claws you.
* * * LOW HITPOINT WARNING * * *
You barely miss Natasha.
Natasha is moderately wounded.
You hit the hobgoblin.
The white imp disappears in a puff of smoke!
The hobgoblin no longer looks unusually strong.
You block the hobgoblin's attack. You block Natasha's attack.
The hobgoblin hits you but does no damage.
Natasha claws you.
You die...

#..#.≈≈≈
##.#≈.≈≈≈≈
##≈≈≈≈≈≈.≈≈≈.
#≈≈.#≈≈≈# ≈≈# ≈
##≈.###.###.###.
#....#...#...#..
###gr.............
+@hgg).....$......
+g#gw.....).......
###$......).......
#≈...#...#)..#..
#≈≈≈###.###.###.
##.≈≈#≈≈≈#≈≈≈#≈≈
##.≈≈≈≈≈.≈≈≈.≈≈
#.P≈≈≈≈≈≈≈≈≈≈≈
##..≈≈≈≈P.≈≈≈P


You could see Natasha, a dart slug, 2 hobgoblins, 3 goblins and a rat.

Vanquished Creatures
  Robin (D:2)
  5 endoplasms
  A hobgoblin (D:2)
  3 jackals (D:1)
  3 kobolds
  7 quokkas
  3 ball pythons (D:1)
  4 bats (D:1)
  A frilled lizard (D:2)
  10 goblins
  2 rats
40 creatures vanquished.

Notes
Turn   | Place    | Note
-------+----------+-------------------------------------------
     0 | D:1      | bande the Gargoyle Fighter began the quest for the Orb.
     0 | D:1      | Reached XP level 1. HP: 14/14 MP: 1/1
   152 | D:1      | Reached XP level 2. HP: 15/19 MP: 2/2
   872 | D:1      | Reached XP level 3. HP: 23/23 MP: 3/3
  1454 | D:2      | Noticed Robin
  1458 | D:2      | Noticed Natasha
  1480 | D:2      | Killed Robin
  1483 | D:2      | Reached XP level 4. HP: 10/28 MP: 4/4
  1484 | D:2      | HP: 1/28 [Natasha (5)]
  1485 | D:2      | Slain by Natasha

Illustrated notes

Levels and vault maps discovered:
D:1:      psy_arrival_basics, layout_loops_ring
D:2:      wad_lake_hut, layout_rooms, serial_shops, nicolae_shop_waterfront,
          minmay_small_reverse_x, uniq_robin, uniq_natasha

Skill      XL: |  1  2 |
---------------+-------+-----
Axes           | 2 |  2.7
Fighting       | |  3.6
Armour         | |  3.5
Dodging        | |  0.4
Shields        | |  3.8

Action                   |  1- 3 |  4- 6 || total
-------------------------+-------+-------++-------
Melee: War axe           |   140 |     3 ||   143
  Use: Scroll            |     1 |       ||     1
Armor: Scale mail        |   116 |     3 ||   119
Dodge: Dodged            |    75 |       ||    75
Block: Kite shield       |    71 |     2 ||    73

Table legend: (Time is in decaauts)
 A = Elapsed time spent in this place.
 B = Non-inter-level travel time spent in this place.
 C = Inter-level travel time spent in this place.
 D = Time resting spent in this place.
 E = Time spent auto-exploring this place.
 F = Levels seen in this place.
 G = Mean time per level.
                   A        B        C        D        E       F      G
               +--------+--------+--------+--------+--------+-----+--------+
         Total |   1575 |   1558 |     17 |      0 |   1211 |   2 |  787.5 |
       Dungeon |   1575 |   1558 |     17 |      0 |   1211 |   2 |  787.5 |
               +--------+--------+--------+--------+--------+-----+--------+

Top non-repeatable levels by time:
     D:1: 1242 daAuts
     D:2: 332 daAuts
